AoeStats
← Chigüiro

Lombardia

509771593Analyzed
4v4 RM · 4d ago on Sep 28, 2026· 14m 20s· 8 players
Game mode
Random Map
Map size
Large (8 player)
Population
200
Speed
Normal
Resources
Standard
Victory
Conquest
Starting age
Dark Age
Ending age
Imperial Age
RankedLock teamsTeams togetherTeam positionsShared explorationLock speedFull tech treeHidden civsTurbo modeCheats
Victory
Defeat
🇨🇳 Mongols · China
1599
+14
🇦🇷 Armenians · Argentina
1593
+14
🇨🇳 Magyars · China
1587
+14
🇹🇷 Danes · Türkiye
1567
+15
🇺🇸 Mongols · United States
1657
-18
🇨🇴 Celts · Colombia
1569
-15
🇵🇪 Saracens · Peru
1497
-12
🇲🇽 Khmer · Mexico
1480
-12
hK | Islamey
6:18 Loom
9:04 Feudal Age
9:07 Man-at-Arms
10:01 Double-Bit Axe
10:46 Long Swordsman
12:13 Horse Collar
Bz_青红
5:46 Loom
8:02 Feudal Age
9:00 Double-Bit Axe
第一滴血
10:31 Feudal Age
12:21 Loom
15:17 Castle Age
14:07 Horse Collar
LonzoWall
4:25 Loom
10:18 Feudal Age
15:24 Castle Age
13:21 Horse Collar
14:35 Double-Bit Axe
JonnyTheMonkey
6:04 Loom
8:06 Feudal Age
8:58 Double-Bit Axe
11:24 Horse Collar
14:18 Town Watch
thefacelessz12
4:59 Loom
12:34 Feudal Age
Chigüiro
6:30 Loom
10:33 Feudal Age
Yisaac
8:38 Feudal Age
10:33 Loom
Connection lost

Rejoining the realm…

Still unreachable

The connection could not be restored.

Session expired

The server has moved on; the page needs a fresh start.